 Dungeon Crawl Stone Soup version 0.31.0-12-g77e489cdc1 (webtiles) character file.

Game seed: 9974354865787669739

140 Bobsterar the Changeling (level 5, -5/34 HPs)
             Began as an Octopode Shapeshifter on Mar 7, 2024.
             Slain by an iron imp (10 damage)
             ... on level 3 of the Dungeon.
             The game lasted 00:04:06 (2388 turns).

Bobsterar the Changeling (Octopode Shapeshifter)    Turns: 2388, Time: 00:04:07

Health: -5/34      AC:  1    Str: 15    XL:     5   Next: 22%
Magic:  5/7        EV: 13    Int: 13    God:
Gold:   80         SH:  0    Dex: 11    Spells: 6/6 levels left

rFire   . .          .
                       - Unarmed
rCold   . . .        (no shield)
rNeg    . . .        (helmet currently unavailable)
rPois   .            (no amulet)
rElec   .            (no ring)
rCorr   .            (no ring)
SInv    .            (no ring)
Will    .....        (no ring)
Stlth   ++           (no ring)
HPRegen 0.25/turn    (no ring)
MPRegen 0.10/turn    (no ring)
                     (no ring)

%: no passive effects
@: beast-form
A: beast (slay +2), almost no armour, amphibious, 8 rings, camouflage 1,
gelatinous body 1, (nimble swimmer 1), tentacles
a: Begin Untransformation


You were on level 3 of the Dungeon.
You were a hulking beast.
You visited 1 branch of the dungeon, and saw 3 of its levels.

You collected 80 gold pieces.

Inventory:

Missiles
 s - a throwing net (quivered)
Armour
 h - a +2 pair of boots of stealth
 k - a +2 buckler
Talismans
 b - a beast talisman (active)
 c - a flux talisman
Scrolls
 d - a scroll of amnesia {unknown}
 e - 4 scrolls of identify {unknown}
 g - a scroll of vulnerability {unknown}
 l - a scroll of blinking {unknown}
 m - 2 scrolls of fear {unknown}
 o - a scroll of noise {unknown}
 p - a scroll of enchant armour {unknown}
 r - 4 scrolls of poison {unknown}
Potions
 f - a potion of enlightenment {unknown}
 i - a potion of attraction {unknown}
 j - 2 potions of might {unknown}
 n - a potion of degeneration {unknown}
 q - a potion of curing {unknown}


   Skills:
 + Level 2.1 Fighting
 + Level 2.7 Dodging
 + Level 3.5 Unarmed Combat
 + Level 1.3 Spellcasting
 * Level 4.0 Shapeshifting


You had 6 spell levels left.
You didn't know any spells.
Your spell library contained the following spells:

 Spells                   Type           Power      Damage    Failure   Level
 Magic Dart               Conj           0%         1d3       26%         1
 Blink                    Tloc           0%         N/A       38%         2
 Call Imp                 Summ           0%         N/A       38%         2
 Jinxbite                 Hex            0%         N/A       38%         2
 Static Discharge         Conj/Air       0%         3-3/arc   38%         2
 Airstrike                Air            0%         2d(0-16)  95%         4
 Manifold Assault         Tloc           0%         N/A       95%         4
 Summon Lightning Spire   Summ/Air       0%         N/A       95%         4
 Yara's Violent Unravell  Hex/Alch       0%         3d3       100%        5
 Dispersal                Tloc           0%         N/A       100%        6
 Enfeeble                 Hex            0%         N/A       100%        7
 Disjunction              Tloc           0%         N/A       100%        8


Dungeon Overview and Level Annotations

Branches:
Dungeon (3/15)

Altars:
Hepliaklqana
Makhleb
Okawaru
Qazlal

Shops:
D:2 (


Innate Abilities, Weirdness & Mutations

You are a hulking beast.
Your limbs bulge with bestial killing power. (Slay +2)
You cannot wear most types of armour.
You are amphibious.
You can wear up to eight rings at the same time.
Your skin changes colour to match your surroundings (Stealth+).
Your rubbery body absorbs attacks. (AC +1, EV +1)
((You are camouflaged when in or above water. (Stealth+)))
You have tentacles for arms and can constrict up to eight enemies at once.


Message History

You barely miss the iron imp. You grab the iron imp.
You constrict the iron imp. You tentacle-slap the iron imp.
The iron imp is moderately wounded.
You constrict the iron imp. The iron imp misses you.
You barely miss the iron imp. You squeeze the iron imp!
You kill the iron imp!
Your Fighting skill increases to level 2!
Your Shapeshifting skill increases to level 4!
You have reached level 5!
You feel clever.
Found a burning altar of Makhleb.
The iron imp hits you.
You tentacle-slap the iron imp but do no damage.
You grab the iron imp.
You constrict the iron imp, but do no damage.
The iron imp hits you.
You are too injured to fight recklessly!
You are too injured to fight recklessly!
You are too injured to fight recklessly!
You are too injured to fight recklessly!
You are too injured to fight recklessly!
You are too injured to fight recklessly!
You are too injured to fight recklessly!
You tentacle-slap the iron imp but do no damage.
You constrict the iron imp. The iron imp hits you!
* * * LOW HITPOINT WARNING * * *
You tentacle-slap the iron imp.
You tentacle-slap the iron imp, but do no damage.
The iron imp is moderately wounded.
You constrict the iron imp.
You tentacle-slap the iron imp but do no damage.
The iron imp is moderately wounded.
You constrict the iron imp. The iron imp hits you.
* * * LOW HITPOINT WARNING * * *
You tentacle-slap the iron imp.
The iron imp is severely wounded.
You constrict the iron imp, but do no damage.
The iron imp hits you!
You die...

###....#.. #.≈≈..._...≈§.#
#....#.. #.≈≈.......≈≈.#
#....#.. #..§≈.....§≈..#
#.#...## #...≈≈≈.≈≈≈...#
#.#...(. #....≈≈8≈≈....#
#.#.#... #......≈.....[#
#.#.#.#. #.......5.....#
#.#.#.#. #......h......#
#.#.#.#. #.............#
#.#.#.#.
#.............###.#.#...
......###.......))).#.#...
...##.####......#####.#...
.. # #..'............#...
. #.##......#######...
#.########### #...
#.#######...#####.##


You could see an iron imp.

Vanquished Creatures
  An iron imp (D:3)
  Robin (D:3)
  2 gnolls (D:1)
  An adder (D:2)
  3 dart slugs
  6 endoplasms
  2 giant cockroaches (D:1)
  15 goblins
  10 hobgoblins
  A jackal (D:2)
  4 quokkas
  A ball python (D:2)
  2 bats
  2 frilled lizards (D:2)
  7 kobolds
  4 rats
62 creatures vanquished.

Notes
Turn   | Place    | Note
-------+----------+-------------------------------------------
     0 | D:1      | Bobsterar the Octopode Shapeshifter began the quest for the
                  | Orb.
     0 | D:1      | Reached XP level 1. HP: 13/13 MP: 1/1
   174 | D:1      | Reached XP level 2. HP: 16/18 MP: 2/2
   400 | D:1      | Reached XP level 3. HP: 18/23 MP: 4/4
   816 | D:2      | Reached skill level 1 in Spellcasting
  1077 | D:2      | Found Ezoiqoc's Weapon Shop.
  1112 | D:2      | Reached XP level 4. HP: 28/28 MP: 5/5
  1747 | D:3      | Found a hazy altar of Hepliaklqana.
  1748 | D:3      | Found a stormy altar of Qazlal.
  1751 | D:3      | Found an iron altar of Okawaru.
  2090 | D:3      | Found a faded altar of an unknown god.
  2220 | D:3      | Noticed Robin
  2239 | D:3      | Killed Robin
  2382 | D:3      | Reached skill level 4 in Shapeshifting
  2382 | D:3      | Reached XP level 5. HP: 25/34 MP: 5/7
  2382 | D:3      | Found a burning altar of Makhleb.
  2388 | D:3      | Slain by an iron imp

Illustrated notes

Levels and vault maps discovered:
D:1:      dpeg_arrival_arbitrary_c, layout_loops_ring
D:2:      cheibrodos_old_hovel, layout_basic, serial_shops,
          nicolae_shop_bloodbath_and_beyond, chequers_serial_rivers_micro_d,
          guppyfry_early_lair_pool
D:3:      layout_basic, demons_altar, grunt_temple_overflow_open,
          mainiacjoe_overflow_six_doors_small,
          shapermc_ecumenical_altar_acropolis, nicolae_titane, uniq_robin

Skill      XL: |  1  2  3  4 |
---------------+-------------+-----
Spellcasting   | 1 |  1.3
Fighting       | 2 |  2.1
Shapeshifting  | 4 |  4.0
Dodging        | |  2.7
Unarmed Combat | |  3.5

Action                     |  1- 3 |  4- 6 || total
---------------------------+-------+-------++-------
  Melee: Unarmed           |    59 |    74 ||   133
         Constrict         |    14 |    21 ||    35
         Tentacles         |     8 |    17 ||    25
         Punch             |     1 |     2 ||     3
    Use: Potion            |       |     1 ||     1
   Stab: Sleeping          |     2 |     4 ||     6
 Armour: Skin              |    21 |    24 ||    45
  Dodge: Dodged            |    24 |    27 ||    51
   Form: Beast             |     1 |       ||     1
